 Dungeon Crawl Stone Soup version 0.20.1-1-g8b1a95d (webtiles) character file.

1769 equalderp2856 the Cleaver (level 8, -3/69 HPs)
             Began as a Minotaur Fighter on Aug 8, 2017.
             Slain by an orc warrior
             ... wielding a +0 halberd
              (20 damage)
             ... on level 7 of the Dungeon.
             The game lasted 00:13:27 (5863 turns).

equalderp2856 the Cleaver (Minotaur Fighter)        Turns: 5863, Time: 00:13:27

Health: -3/69      AC: 20    Str: 22    XL:     8   Next: 80%
Magic:  7/7        EV: 12    Int:  5    God:
Gold:   266        SH: 11    Dex: 11    Spells: 7/7 levels left

rFire    . . .     SeeInvis .   a - +0 war axe
rCold    . . .     Gourm    .   c - +0 shield
rNeg     . . .     Faith    .   u - +0 plate armour
rPois    .         Spirit   .   (helmet restricted)
rElec    .         Reflect  .   V - +0 cloak
rCorr    .         Harm     .   D - +2 pair of gloves
MR       +....                  O - +2 pair of boots
Stlth    ..........             (no amulet)
Regen    0.3/turn               N - ring of protection from magic
MPRegen  0.1/turn               v - +6 ring of evasion

@: no status effects
A: retaliatory headbutt, horns 2
a: no special abilities


You were on level 7 of the Dungeon.
You were not hungry.

You visited 1 branch of the dungeon, and saw 7 of its levels.

You collected 266 gold pieces.

Inventory:

Hand Weapons
 a - a +0 war axe (weapon)
 R - a +0 spear of flaming
 T - a +0 hand crossbow
 W - a +0 blowgun
Missiles
 e - 245 stones (quivered)
Armour
 c - a +0 shield (worn)
 u - a +0 plate armour (worn)
 D - a +2 pair of gloves (worn)
 O - a +2 pair of boots (worn)
 V - a +0 cloak (worn)
Jewellery
 l - an uncursed ring of protection from cold
 v - a +6 ring of evasion (right hand)
 w - an uncursed ring of ice
 B - an uncursed ring of poison resistance
 K - an uncursed ring of ice
 N - a ring of protection from magic (left hand)
Wands
 I - a wand of lightning (3/15)
Scrolls
 o - 2 scrolls of remove curse {unknown}
 r - 2 scrolls of immolation {unknown}
 s - 3 scrolls of identify {unknown}
 t - a scroll of fog {unknown}
 y - 2 scrolls of noise {unknown}
 F - 3 scrolls of amnesia {unknown}
 H - 5 scrolls of teleportation {unknown}
 L - a scroll of enchant armour {unknown}
 X - a scroll of fear {unknown}
 Y - a scroll of enchant weapon {unknown}
Potions
 d - a potion of might
 h - 4 potions of curing
 j - a potion of heal wounds {unknown}
 m - a potion of magic {unknown}
 q - a potion of haste {unknown}
 A - 2 potions of flight {unknown}
 E - 2 potions of brilliance {unknown}
 P - a potion of mutation {unknown}
 U - a potion of cancellation {unknown}
Comestibles
 f - 4 bread rations
 C - 4 meat rations
 M - 2 royal jellies


   Skills:
 + Level 5.5 Fighting
 + Level 9.4 Axes
 + Level 6.6 Armour
 + Level 2.5 Dodging
 + Level 1.0 Stealth
 + Level 7.2 Shields


You had 7 spell levels left.
You didn't know any spells.

Dungeon Overview and Level Annotations

Branches:
Dungeon (7/15)             Temple (0/1) D:4

Altars:

Annotations:
D:2 1 runed door


Innate Abilities, Weirdness & Mutations

You reflexively headbutt those who attack you in melee.
You have a pair of horns on your head.


Message History

The orc wizard is no longer moving quickly.
The orc wizard mumbles some strange words.
The orc wizard seems to speed up.
The orc wizard casts a spell.
The orc wizard flickers and vanishes!
Deactivating autopickup; reactivate with Ctrl-A.
A puff of flame appears from out of thin air!
The puff of flame misses you.
A puff of flame appears from out of thin air!
The puff of flame hits you!
* * * LOW HITPOINT WARNING * * *
A puff of flame appears from out of thin air!
The puff of flame hits you!
* * * LOW HITPOINT WARNING * * *
You hear some strange, mumbled words.
An orc wizard appears from thin air!
Reactivating autopickup.
There is a stone staircase leading up here.
The orc warrior hits you from afar with a halberd!!
You die...

#.#{##.....o.....####.#
#o#o##.#########......#
#.#.##.# ######..
#o#.##o# #.# #.#.##.#
### #o#.##o# #.#.##o#
#...##.# ###.##@#
######


You could see an orc warrior, an orc wizard and an orc.

Vanquished Creatures
  Eustachio (D:4)
  An orc warrior (D:7)
  An ogre (D:6)
  3 ice beasts (D:6)
  A sky beast (D:6)
  A centaur (D:5)
  Blork the orc (D:6)
  A bullfrog (D:6)
  2 howler monkeys (D:4)
  2 crimson imps
  A bullfrog zombie (D:5)
  2 orc priests
  A hound (D:4)
  3 jellies
  An iguana (D:5)
  5 orc wizards
  3 worker ants
  A hound skeleton (D:4)
  12 adders
  4 gnolls (D:5)
  A shadow imp (D:6)
  3 oozes
  2 adder skeletons
  3 worms
  4 dart slugs
  A leopard gecko (D:3)
  10 orcs
  8 bats
  3 giant cockroaches
  5 goblins
  6 hobgoblins
  10 jackals
  3 quokkas
  3 frilled lizards
  7 kobolds
  7 rats
123 creatures vanquished.

Notes
Turn   | Place    | Note
-------+----------+-------------------------------------------
     0 | D:1      | equalderp2856 the Minotaur Fighter began the quest for the Orb.
     0 | D:1      | Reached XP level 1. HP: 19/19 MP: 0/0
    28 | D:1      | Reached XP level 2. HP: 24/27 MP: 1/1
   375 | D:1      | Reached skill level 3 in Axes
   748 | D:1      | Reached XP level 3. HP: 33/33 MP: 2/2
  1722 | D:2      | Found a runed door.
  1778 | D:3      | Reached XP level 4. HP: 31/40 MP: 3/3
  1855 | D:3      | Reached skill level 1 in Dodging
  1988 | D:3      | Reached skill level 4 in Axes
  1988 | D:3      | Reached XP level 5. HP: 44/46 MP: 4/4
  2443 | D:4      | Found a staircase to the Ecumenical Temple.
  2568 | D:4      | Noticed Eustachio
  2584 | D:4      | Reached skill level 5 in Armour
  2586 | D:4      | Reached XP level 6. HP: 51/52 MP: 5/5
  2619 | D:4      | Killed Eustachio
  2619 | D:4      | Reached skill level 5 in Axes
  2619 | D:4      | Reached skill level 5 in Shields
  3012 | D:4      | Reached skill level 6 in Axes
  3012 | D:4      | Reached XP level 7. HP: 39/60 MP: 6/6
  3289 | D:5      | Entered Level 5 of the Dungeon
  3684 | D:5      | Reached skill level 7 in Axes
  4412 | D:6      | Reached XP level 8. HP: 61/67 MP: 7/7
  4414 | D:6      | Reached skill level 8 in Axes
  4414 | D:6      | Reached skill level 1 in Stealth
  4715 | D:6      | Reached skill level 5 in Fighting
  4861 | D:6      | Noticed Blork the orc
  4871 | D:6      | Killed Blork the orc
  5409 | D:6      | Reached skill level 9 in Axes
  5780 | D:7      | HP: 1/69 [orc warrior/halberd (17)]
  5863 | D:7      | Slain by an orc warrior

Skill      XL: |  1  2  3  4  5  6  7  8 |
---------------+-------------------------+-----
Armour         | 4 5 6 |  6.6
Axes           | 3 4 6 7 9 |  9.4
Shields        | 4 5 6 7 |  7.2
Fighting       | 4 5 |  5.5
Dodging        | 1 2 |  2.5
Stealth        | 1 |  1.0

Action                   |  1- 3 |  4- 6 |  7- 9 || total
-------------------------+-------+-------+-------++-------
Melee: War axe           |   108 |   104 |   156 ||   368
       Headbutt          |    15 |    16 |    34 ||    65
  Use: Potion            |       |       |     1 ||     1
  Eat: Chunk             |     3 |       |    11 ||    14
       Royal jelly       |       |     1 |       ||     1
Armor: Scale mail        |    48 |     8 |       ||    56
       Plate armour      |       |    42 |    62 ||   104
Dodge: Dodged            |    43 |    63 |    78 ||   184
Block: Shield            |    76 |    62 |    82 ||   220
